Map: Site Delta LE

Players

LiquidCure (Cure) - Winner!

  • Race: Terran Terran
  • League: Master

Bunny

  • Race: Terran Terran

Event: IEM Katowice 2024

VOD

Have the link to the VOD?

Description

Time

  • Played on: Dec. 6, 2023, 5:04 a.m.
  • Length: 14:07

All games in this series

Show
View Real Time Build Order
Export as new Build Order

LiquidCure Terran - Winner!

Build Orders: Cyclone Opening, Reaper Expand 

Get SALT Encoding   

  12  0:00  SCV  
  13  0:12  SCV  
  14  0:16  Supply Depot  
  14  0:24  SCV  
  15  0:38  SCV  
  15  0:40  Barracks  
  15  0:42  Refinery  
  16  0:50  SCV  
  17  1:02  SCV  
  18  1:14  SCV  
  19  1:27  Orbital Command, Reaper  
  20  1:41  Command Center  
  20  1:52  SCV  
  21  1:58  Marine  
  21  1:59  Supply Depot  
  22  2:04  SCV  
  22  2:08  Factory  
  23  2:20  SCV, Marine  
  25  2:27  Refinery  
  25  2:32  SCV  
  26  2:38  Marine  
  27  2:44  SCV  
  30  2:51  Cyclone  
  30  2:53  Orbital Command  
  30  2:56  SCV  
  30  2:58  Marine, Starport  
  32  3:09  SCV  
  33  3:17  Barracks Reactor  
  33  3:19  SCV  
  34  3:21  SCV  
  34  3:25  Refinery  
  34  3:26  Cyclone  
  37  3:32  SCV  
  37  3:33  SCV  
  37  3:34  Medivac  
  40  3:40  Supply Depot  
  40  3:44  SCV  
  40  3:45  SCV  
  42  3:55  Command Center  
  42  3:56  SCV  
  42  3:57  SCV  
  42  3:59  Factory Tech Lab  
  42  4:00  Marine x2  
  46  4:04  Starport Tech Lab  
  46  4:09  SCV x2  
  48  4:10  Supply Depot  
  48  4:21  SCV  
  48  4:22  SCV  
  53  4:25  Raven  
  53  4:26  Marine x2, Supply Depot  
  54  4:34  SCV x2  
  54  4:36  Siege Tank  
  59  4:44  Marine x2  
  61  4:46  SCV  
  61  4:47  Supply Depot  
  61  4:48  SCV  
  61  4:51  Interference Matrix  
  63  4:54  Supply Depot  
  63  4:58  SCV  
  66  5:00  Raven, SCV  
  67  5:09  Orbital Command  
  67  5:10  SCV  
  67  5:12  Barracks x2, SCV  
  69  5:15  Factory Reactor  
  69  5:18  Stimpack, Marine  
  70  5:22  SCV  
  70  5:24  SCV  
  70  5:25  Refinery  
  72  5:36  Engineering Bay x2  
  72  5:37  Marine, SCV x3  
  76  5:47  Barracks  
  76  5:49  Barracks  
  74  5:53  Orbital Command  
  74  5:55  SCV, Marine  
  74  5:56  SCV  
  75  5:58  Marine  
  75  5:59  Starport Reactor, Marine  
  75  6:02  Siege Tank  
  80  6:04  Terran Infantry Weapons Level 1, Terran Infantry Armor Level 1  
  80  6:07  Marine x2  
  80  6:10  Missile Turret  
  82  6:13  Marine  
  82  6:14  Missile Turret  
  82  6:15  Supply Depot, SCV x2  
  85  6:19  Marine x2  
  85  6:25  SCV, Marine x2  
  90  6:27  SCV x2  
  90  6:31  Marine  
  92  6:35  Siege Tank, Supply Depot  
  92  6:37  Marine x2  
  92  6:38  SCV  
  92  6:39  SCV x2  
  98  6:41  Barracks Reactor x2  
  98  6:42  Medivac  
  98  6:43  Medivac, Marine  
  103  6:52  Marine x2  
  105  6:55  Supply Depot, Marine x2, SCV  
  105  6:56  SCV  
  105  7:00  Combat Shield  
  109  7:04  SCV, Marine  
  109  7:05  Supply Depot  
  109  7:08  SCV x2  
  113  7:09  Siege Tank  
  113  7:10  Marine  
  117  7:17  Supply Depot, SCV, Marine x3  
  117  7:19  Sensor Tower  
  117  7:20  SCV x2  
  117  7:22  Marine x2  
  123  7:26  Marine x3, Supply Depot  
  123  7:29  Supply Depot  
  128  7:30  Medivac  
  128  7:34  Medivac  
  128  7:35  Armory, Marine  
  133  7:39  Marine  
  133  7:40  Refinery  
  133  7:42  Marine x3, Refinery  
  137  7:53  Marine x4  
  137  7:54  Marine  
  137  7:55  Siege Tank  
  137  7:56  Marine  
  144  8:02  Marine x3, Supply Depot  
  144  8:03  Supply Depot  
  147  8:05  SCV  
  147  8:06  SCV  
  147  8:07  SCV  
  147  8:10  Medivac  
  147  8:11  Marine x5  
  157  8:15  Marine  
  136  8:20  Marine x3  
  139  8:28  Terran Infantry Weapons Level 2, Siege Tank  
  139  8:29  Marine x4  
  146  8:36  Factory  
  146  8:39  Barracks Reactor  
  146  8:44  Command Center  
  146  8:46  Marine x2  
  146  8:47  Marine x2  
  150  8:49  Medivac x2  
  153  8:57  Marine x4  
  143  9:04  Marine x4  
  143  9:07  Siege Tank  
  129  9:15  SCV x3, Marine x4  
  129  9:16  Marine x2  
  133  9:22  Marine x4  
  136  9:29  Siege Tank  
  135  9:32  Marine x4  
  135  9:33  Marine x2  
  118  9:40  Marine x4  
  118  9:43  Siege Tank  
  121  9:49  Orbital Command  
  121  9:50  Marine x4  
  121  9:51  Marine x2  
  126  9:58  Marine x4  
  126  10:01  Siege Tank, Liberator x2  
  135  10:08  Marine x4  
  135  10:09  Marine x2  
  128  10:28  Siege Tank  
  128  10:29  Marine x4  
  128  10:34  Marine x4  
  137  10:52  Viking x2  
  137  11:02  Marine x6  
  130  11:07  Siege Tank  
  117  11:14  Siege Tank  
  118  11:30  Marine x4  
  122  11:34  Viking x2  
  125  11:53  Siege Tank  
  125  12:12  Siege Tank  
  112  12:30  Marine x4  
  112  12:31  Siege Tank  
  109  12:48  Orbital Command  
  109  12:50  Viking  
  108  12:51  Viking  
  110  13:10  Sensor Tower  
  110  13:13  Refinery  
  110  13:14  Refinery  
  110  13:15  SCV  
  111  13:22  SCV  
  111  13:23  Refinery  
  111  13:24  Refinery  
  112  13:27  SCV  
  113  13:45  Command Center  
Show
View Real Time Build Order
Export as new Build Order

Bunny Terran 

Build Orders:  

Get SALT Encoding   

  12  0:00  SCV  
  13  0:12  SCV  
  14  0:17  Supply Depot  
  14  0:24  SCV  
  15  0:38  SCV  
  15  0:40  Barracks  
  15  0:42  Refinery  
  16  0:51  SCV  
  16  0:52  Refinery  
  17  1:03  SCV  
  18  1:15  SCV  
  19  1:27  Orbital Command, Reaper  
  19  1:29  Supply Depot  
  20  1:40  Factory  
  20  1:52  SCV  
  21  1:59  Reaper  
  22  2:04  SCV  
  23  2:16  SCV  
  23  2:17  Command Center  
  24  2:25  Hellion  
  24  2:28  SCV  
  27  2:31  Barracks Reactor  
  27  2:33  Supply Depot  
  27  2:40  SCV  
  27  2:44  Starport  
  28  2:50  Factory Tech Lab  
  28  2:53  SCV  
  29  3:05  SCV  
  30  3:10  Marine x2  
  32  3:17  SCV  
  33  3:27  Raven  
  33  3:28  Interference Matrix  
  33  3:29  SCV  
  33  3:31  Orbital Command  
  33  3:33  Factory Tech Lab  
  36  3:41  SCV  
  37  3:44  Command Center  
  37  3:52  Siege Tank  
  37  3:53  SCV  
  41  3:55  Refinery  
  41  3:57  SCV  
  42  4:05  SCV  
  42  4:09  SCV  
  44  4:12  Marine x2  
  44  4:13  Supply Depot  
  44  4:14  Raven  
  48  4:17  SCV  
  48  4:21  SCV  
  50  4:29  SCV  
  51  4:33  Barracks  
  51  4:34  SCV  
  51  4:39  Barracks  
  51  4:45  SCV  
  51  4:46  Stimpack, SCV, Marine  
  51  4:51  Raven  
  55  4:55  Factory Reactor  
  55  4:57  Orbital Command, SCV  
  55  4:58  Supply Depot, SCV  
  57  5:09  SCV  
  57  5:10  SCV  
  57  5:11  Engineering Bay  
  57  5:13  Engineering Bay  
  57  5:14  Marine  
  60  5:21  SCV  
  61  5:22  SCV  
  61  5:25  SCV  
  63  5:30  Barracks  
  63  5:33  Barracks  
  59  5:37  SCV  
  59  5:38  SCV x2  
  62  5:44  Starport Reactor, Marine x2  
  62  5:45  Marine x3  
  62  5:48  Siege Tank  
  69  5:52  SCV x3  
  69  5:55  Terran Infantry Weapons Level 1  
  69  5:56  Terran Infantry Armor Level 1  
  71  6:03  Orbital Command  
  71  6:04  Marine x5, SCV x2  
  72  6:11  Refinery  
  78  6:21  Barracks Reactor x2  
  78  6:22  Marine x5  
  81  6:25  Combat Shield  
  81  6:27  SCV x2, Medivac  
  85  6:38  SCV  
  85  6:39  SCV  
  85  6:44  Siege Tank, Supply Depot, Marine x4, SCV  
  85  6:45  Supply Depot  
  93  6:48  Supply Depot  
  93  6:49  Missile Turret  
  93  7:06  Medivac, Marine x9, SCV x3  
  107  7:10  Medivac  
  107  7:11  Supply Depot x2  
  107  7:13  Supply Depot  
  109  7:17  Siege Tank  
  109  7:19  SCV  
  109  7:21  SCV  
  109  7:22  SCV  
  115  7:23  Marine x2  
  117  7:32  Marine  
  117  7:36  Marine x6, Medivac  
  125  7:40  SCV x2, Medivac  
  125  7:41  Marine x2  
  125  7:43  Refinery  
  125  7:44  Refinery  
  132  7:49  Siege Tank  
  134  7:55  Marine x6  
  140  8:05  Supply Depot  
  140  8:06  Supply Depot  
  138  8:14  Orbital Command  
  138  8:18  Marine  
  138  8:19  Marine x4  
  126  8:20  Medivac  
  126  8:21  Medivac  
  126  8:22  Siege Tank  
  126  8:25  Marine x4  
  137  8:28  SCV x2  
  137  8:33  Sensor Tower  
  139  8:36  Marine x2  
  141  8:44  Marine x7  
  148  8:54  Marine x2  
  150  9:01  Siege Tank  
  136  9:05  Marine  
  136  9:06  Marine x4  
  126  9:11  Marine  
  121  9:20  Marine x3  
  121  9:23  Marine x4  
  121  9:24  Marine  
  126  9:29  Marine  
  126  9:30  Command Center  
  127  9:34  Siege Tank  
  128  9:38  Marine x3  
  128  9:41  Marine x3  
  128  9:45  Marine x2  
  133  9:47  Marine  
  133  9:50  Viking  
  135  9:56  Marine  
  136  10:04  Marine x6  
  142  10:13  Supply Depot  
  142  10:16  Siege Tank  
  142  10:22  Medivac  
  142  10:23  Medivac  
  142  10:25  Marine  
  142  10:30  Marine x2  
  142  10:35  Marine x2  
  144  10:41  Marine x4  
  148  10:48  Siege Tank  
  151  10:52  Liberator  
  150  10:58  Marine x6  
  150  10:59  Marine  
  140  11:10  Marine  
  140  11:11  Marine  
  137  11:16  Marine x6  
  137  11:17  Marine  
  144  11:19  Orbital Command  
  144  11:21  Siege Tank  
  147  11:28  Armory, Medivac  
  149  11:35  Medivac  
  151  11:46  Marine x6  
  151  11:47  Marine x3  
  150  12:04  Marine x9  
  133  12:22  Marine x3  
  112  12:42  Marine x9  
  121  12:49  Orbital Command  
  121  13:00  Marine  
  121  13:03  Marine x5  
  127  13:17  Marine x3  
  127  13:18  Marine  
  131  13:22  Marine  
  131  13:23  Marine x2  
  134  13:27  Supply Depot  
  134  13:32  Marine x2  
  134  13:47  Marine x7  
  138  13:57  Supply Depot  
  138  13:58  Supply Depot  

Tags
 
Add a new tag
Caveats
  • Supply blocks, unpowered buildings, or Contaminate may cause inaccurate times.
  • Supply counts are checked every 10 seconds.